 Dungeon Crawl Stone Soup version 0.30.0-16-gbe6223bb7e (webtiles) character file.

Game seed: 7478819789572136604

15 monsoonserge the Cutter (level 2, 0/27 HPs)
             Began as a Deep Elf Berserker on May 21, 2023.
             Was a Follower of Trog.
             Slain by a gnoll
             ... wielding a +0 club
              (5 damage)
             ... on level 2 of the Dungeon.
             The game lasted 00:01:44 (781 turns).

monsoonserge the Cutter (Deep Elf Berserker)         Turns: 781, Time: 00:01:44

Health: 0/27       AC:  2    Str: 14    XL:     2   Next: 34%
Magic:  4/4        EV: 12    Int: 11    God:    Trog [*.....]
Gold:   73         SH:  0    Dex: 14    Spells: 1/1 levels left

rFire   . . .        a - +0 short sword
rCold   . . .        (no shield)
rNeg    . . .        b - +0 animal skin
rPois   .            (no helmet)
rElec   .            (no cloak)
rCorr   .            (no gloves)
SInv    .            (no boots)
Will    .....        (no amulet) Stlth
                     (no ring)
HPRegen 0.24/turn    (no ring)
MPRegen 0.09/turn

%: no passive effects
@: berserking, very quick
A: no striking features
a: Renounce Religion, Berserk


You were on level 2 of the Dungeon.
You worshipped Trog.
Trog was aware of your devotion.
You visited 1 branch of the dungeon, and saw 2 of its levels.

You collected 73 gold pieces.

Inventory:

Hand Weapons
 a - a +0 short sword (weapon)
Missiles
 k - 6 stones (quivered)
Armour
 b - a +0 animal skin (worn)
 l - a +0 leather armour
Scrolls
 c - 2 scrolls of vulnerability {unknown}
 d - a scroll of poison {unknown}
 e - a scroll of magic mapping {unknown}
 g - a scroll of noise {unknown}
 h - 2 scrolls of identify {unknown}
 i - a scroll of teleportation {unknown}
Potions
 f - a potion of attraction {unknown}
 j - a potion of degeneration {unknown}


   Skills:
 + Level 2.7 Fighting
 + Level 3.3 Short Blades
 + Level 1.7 Armour
 + Level 2.5 Dodging
 + Level 0.2 Stealth


You had one spell level left.
You didn't know any spells.
Your spell library contained the following spells:

 Spells                   Type           Power      Damage    Failure   Level
 Gell's Gravitas          Tloc           0%         N/A       71%         3
 Teleport Other           Tloc           0%         N/A       71%         3
 Dispersal                Tloc           0%         N/A       100%        6


Dungeon Overview and Level Annotations

Branches:
Dungeon (2/15)

Altars:


Message History

Search for what [Enter for "armor", or ? for help]? thro You see here 3 stones.
k - 3 stones Search for what [Enter for "thro", or ? for help]? stone You see here a +0 dagger.
k - 6 stones (gained 3)
There are no items here.
You see here a +0 dagger.
There is a stone staircase leading down here.
You climb downwards.
The frilled lizard hisses angrily.
Found a leather armour and a robe.
There is a stone staircase leading up here.
You hit the frilled lizard.
You kill the frilled lizard!
Trog accepts your kill.
An adder comes into view.
Found 3 scrolls labelled ZETHRA QAEPT.
An adder is nearby! 2 gnolls come into view.
Found a scroll labelled SAOCSEI METWAYR.
Found a stone staircase leading down.
The gnoll shouts! x2
A gnoll comes into view. It is wielding a +0 spear.
The gnoll shouts!
The adder hisses angrily.
You see here a +0 leather armour.
l - a +0 leather armour The gnoll hits you with a +0 club.
The gnoll hits you from afar with a +0 spear.
The gnoll hits you from afar with a +0 spear.
The adder bites you.
A red film seems to cover your vision as you go berserk!
You feel yourself moving faster!
You feel mighty! The gnoll barely misses you. The gnoll misses you.
The adder barely misses you.
You barely miss the adder.
The gnoll hits you from afar with a +0 spear.
* * * LOW HITPOINT WARNING * * *
The adder misses you. The gnoll hits you with a +0 club.
You die...

########## #........#
#######........####
.......<...@gg...?#
####........Sg....#
#..............>#
#[...............#
#...................#
##...#........#......
##..#........#......
##.##....####..?.##
..##.#


You could see 3 gnolls and an adder.

Vanquished Creatures
  An endoplasm (D:1)
  A giant cockroach (D:1)
  2 goblins (D:1)
  A hobgoblin (D:1)
  A kobold (D:1)
  3 ball pythons (D:1)
  A bat (D:1)
  2 frilled lizards
  3 rats (D:1)
15 creatures vanquished.

Notes
Turn   | Place    | Note
-------+----------+-------------------------------------------
     0 | D:1      | monsoonserge the Deep Elf Berserker began the quest for the
                  | Orb.
     0 | D:1      | Reached XP level 1. HP: 13/13 MP: 3/3
   358 | D:1      | Reached XP level 2. HP: 14/18 MP: 4/4
   781 | D:2      | Slain by a gnoll

Illustrated notes

Levels and vault maps discovered:
D:1:      lemuel_arrival_room, layout_loops_ring, chequers_arboretum
D:2:      layout_rooms, hellmonk_ecumenical_altar_crossroads, minivault_23,
          grunt_ministairs_9

Action                     || total
---------------------------++-------
  Melee: Short sword       ||    58
         Punch             ||     1
 Invoke: Berserk           ||     1
   Stab: Sleeping          ||     2
 Armour: Animal skin       ||     7
  Dodge: Dodged            ||    33
